Cogmind - Beta 15 @@@ ROGUE MODE // 2025.05.22 @ 10:47:53 // Winter2019/RPGLIKE Player: ASS BUSTER Result: Destroyed by RY-TL5(z) with Makeshift Shrapnel Gun Performance ------------- Evolutions (1) 500 Regions Visited (4) 800 Robots Destroyed (151) 755 Value Destroyed (3942) 3942 Prototype IDs (7) 140 Alien Tech Used (0) 0 Bonus (502) 502 TOTAL SCORE: 6639 Bonus ------- High Alert Combat Kills 553 Friendly Fire -51 Cogmind --------- Core Integrity 0/1000 Matter 233/300 Energy 263/290 System Corruption 5% Temperature Warm (146) Movement Flying (109) Ox1 Location -7/Zion Parts ------- > --- POWER (1) -------- Improved Deuterium Engine > --- PROPULSION (3) --- Cesium-ion Thruster Cesium-ion Thruster Cesium-ion Thruster > --- UTILITY (4) ------ Heat Sink Advanced Weight Redist. System Seismic Detector Hardened Light Armor Plating > --- WEAPON (4) ------- Plasma Cannon Heavy Ion Cannon Advanced Assault Cannon Mini Grenade Launcher > --- INVENTORY (0) ---- (None) Peak State ------------ > --- POWER ------------ Cooled Ion Engine > --- PROPULSION ------- Cesium-ion Thruster Cesium-ion Thruster Cesium-ion Thruster > --- UTILITY ---------- Advanced Weight Redist. System Experimental Sensor Array Seismic Detector Medium Armor Plating > --- WEAPON ----------- Plasma Cannon Heavy Ion Cannon Mini Grenade Launcher Mini Grenade Launcher > --- INVENTORY -------- (None) [Rating: 39] Favorites ----------- Power Heavy Ion Engine Engine Heavy Ion Engine Propulsion Cesium-ion Thruster Wheel Wheel Hover Unit Hover Unit Flight Unit Cesium-ion Thruster Utility Seismic Detector Device Seismic Detector Protection Light Armor Plating Weapon Mini Grenade Launcher Energy Gun Medium Laser Energy Cannon Beam Cannon Ballistic Gun Assault Rifle Ballistic Cannon Advanced Assault Cannon Launcher Mini Grenade Launcher Build | -11 -10 -9 -9 -7 ------- Run | Yrd Mat Mat Min Zio Slots Evolved 8 | 4 2 2 . . Power . | . . . . . Propulsion 2 | . 1 1 . . Utility 3 | 1 1 1 . . Weapon 3 | 3 . . . . Parts Attached 37 | 7 10 10 5 5 Power 4 | 1 1 1 . 1 Engine 4 | 1 1 1 . 1 Core . | . . . . . Reactor . | . . . . . Propulsion 7 | 1 2 4 . . Treads . | . . . . . Leg . | . . . . . Wheel 1 | 1 . . . . Hover 1 | . 1 . . . Flight 5 | . 1 4 . . Utility 12 | 2 2 2 3 3 Device 6 | 2 1 1 1 1 Storage . | . . . . . Processor . | . . . . . Hackware . | . . . . . Protection 6 | . 1 1 2 2 Artifact . | . . . . . Weapon 14 | 3 5 3 2 1 Energy Gun 1 | 1 . . . . Energy Cannon 7 | . 3 2 2 . Ballistic Gun 3 | 2 . 1 . . Ballistic Cannon 1 | . . . . 1 Launcher 2 | . 2 . . . Special Weapon . | . . . . . Impact Weapon . | . . . . . Slashing Weapon . | . . . . . Piercing Weapon . | . . . . . Special Melee Weapon . | . . . . . Unidentified Prototypes 5 | . 1 3 1 . Corrupted Parts 2 | . . . 2 . System Corruption 4 | . . . 4 . Parts Lost 1 | . . . . 1 Power . | . . . . . Propulsion . | . . . . . Utility 1 | . . . . 1 Weapon . | . . . . . Highest Loss Streak 1 | . . . . 1 To Critical Strikes . | . . . . . Average Backups . | . . . . . Power . | . . . . . Propulsion . | . . . . . Utility . | . . . . . Weapon . | . . . . . Tool/Special . | . . . . . Unused Backups . | . . . . . Power . | . . . . . Propulsion . | . . . . . Utility . | . . . . . Weapon . | . . . . . Tool/Special . | . . . . . Average Slot Usage (%) 95 | . 90 98 100 99 Engine 9 | . 10 9 8 8 Hover 4 | . 8 . . . Flight 13 | . . 22 25 25 Device 18 | . 19 18 16 17 Protection 10 | . 8 10 16 14 Energy Cannon 19 | . 23 18 16 16 Ballistic Gun 3 | . 6 . . . Launcher 13 | . 11 18 16 12 Peak Build Rating 39 | 9 14 26 39 37 Average Rating 20 | 6 11 21 33 34 On Entrance 16 | . 9 14 26 34 Naked Turns . | . . . . . Heaviest Build 44 | 10 23 25 37 44 Greatest Support 39 | 10 17 34 39 39 Greatest Overweight (x) 5 | . 5 1 1 1 Average Overweight (x) . | . 1 . . . Largest Inventory Capacity . | . . . . . Average Capacity . | . . . . . Most Carried . | . . . . . Average Carried . | . . . . . Final Capacity . | . . . . . Final Carried . | . . . . . Class Distribution -------------------- 50% | Gunner 41% | Hacker-Sprinter 7% | Hacker-Bomber Dominant Class ---------------- Gunner | -10/Materials Hacker-Sprinter | -9/Materials Hacker-Sprinter | -9/Mines Hacker-Sprinter | -7/Zion Resources | -11 -10 -9 -9 -7 ----------- Run | Yrd Mat Mat Min Zio Matter Collected 2579 | 314 597 593 83 992 Remotely . | . . . . . Salvage Created 3227 | 142 646 1139 157 1143 Parts 245 | 20 47 84 16 78 Haulers Intercepted 3 | . 2 1 . . Recyclers Shooed 1 | . . 1 . . Parts Field Recycled . | . . . . . Retrieved Matter . | . . . . . Parts Self-Destructed . | . . . . . Prevented . | . . . . . Kills | -11 -10 -9 -9 -7 ------- Run | Yrd Mat Mat Min Zio Combat Hostiles Destroyed 65 | 1 13 34 7 10 Guns 5 | 1 4 . . . Cannons 34 | . 7 19 2 6 AOE 24 | . 2 14 5 3 Classes Destroyed 18 | 3 5 4 1 5 Worker 6 | 1 5 . . . Builder 6 | . 1 5 . . Tunneler 5 | 4 1 . . . Hauler 3 | . 2 1 . . Recycler 3 | . 3 . . . Mechanic 1 | . . 1 . . Operator 1 | . . 1 . . Watcher 8 | . 3 5 . . Swarmer 17 | . 6 11 . . Grunt 26 | 1 7 13 5 . Brawler 1 | . . 1 . . Duelist 1 | . . . 1 . Sentry 10 | . . 9 1 . Zionite 53 | . . . . 53 Tinkerer 4 | . . . . 4 Thug 1 | . . . . 1 Savage 1 | . . . . 1 Butcher 1 | . . . . 1 Guerrilla 1 | . . . . 1 Marauder 2 | . . . . 2 Mutant 4 | . . . . 4 Best Kill Streak 12 | 4 5 9 3 12 Combat Bots Only 7 | 1 3 7 3 2 Max Kills in Single Turn 4 | 2 2 4 3 2 Gunslinging . | . . . . . Exploded 4 | . 1 4 3 1 Melee . | . . . . . Uniques/NPCs Destroyed . | . . . . . Combat | -11 -10 -9 -9 -7 -------- Run | Yrd Mat Mat Min Zio Hostile Shots Fired 399 | 7 51 57 1 283 Missed 151 | 2 9 23 1 116 Hits 248 | 5 42 34 . 167 Melee 6 | . . . . 6 Projectile 242 | 5 42 34 . 161 AOE 3 | . . . . 3 Critical Strikes 13 | . . 3 . 10 Damage Taken 2912 | 55 560 493 43 1761 Core 1990 | 44 432 347 25 1142 Absorbed by Shields . | . . . . . Redirected to Core 1632 | 34 336 289 25 948 Ignored by Resistances 190 | . . 32 4 154 Core Remaining (%) 92 | 92 92 . . . Volleys Fired 416 | 11 113 130 11 151 Largest 4 | 3 4 4 4 4 Hottest 215 | 90 200 196 205 215 Shots Fired 1072 | 33 383 293 27 336 Gun 148 | 33 115 . . . Cannon 792 | . 232 257 23 280 Launcher 132 | . 36 36 4 56 Special . | . . . . . Kinetic 167 | 22 94 . . 51 Thermal 773 | 11 253 257 23 229 Explosive 132 | . 36 36 4 56 Electromagnetic . | . . . . . Robot Hit Streak 25 | 9 8 20 25 15 Robot Miss Streak 15 | 3 15 3 . 3 Penetration Max . | . . . . . Secondary Targets . | . . . . . Shots Hit Robots 351 | 15 66 83 5 182 Core Hits 206 | 8 34 59 10 95 Critical Kills 4 | . 1 1 . 2 Critical Parts Destroyed . | . . . . . Critical Strikes 7 | 3 1 1 . 2 Burn 3 | 3 . . . . Meltdown 4 | . 1 1 . 2 Melee Attacks . | . . . . . Impact . | . . . . . Slashing . | . . . . . Piercing . | . . . . . Sneak Attacks . | . . . . . Combat Hostiles . | . . . . . Follow-up Attacks . | . . . . . Damage Inflicted 12494 | 205 1415 3002 571 7301 Guns 458 | 205 253 . . . Cannons 7088 | . 769 1581 184 4554 Explosions 4948 | . 393 1421 387 2747 Melee . | . . . . . Ramming . | . . . . . Kinetic 1212 | 118 203 . . 891 Thermal 6389 | 87 874 1581 184 3663 Explosive 4893 | . 338 1421 387 2747 Electromagnetic . | . . . . . Impact . | . . . . . Slashing . | . . . . . Piercing . | . . . . . Highest Corruption 5 | . . . 4 5 Average Corruption 4 | . . . 3 4 Corruption Purged . | . . . . . Corruption Blocked . | . . . . . Effects 30 | . . . 4 26 Message Errors 8 | . . . 3 5 Matter Fused 9 | . . . . 9 Heat Flow Errors 2 | . . . 1 1 Energy Discharges 2 | . . . . 2 Data Loss (minor) 4 | . . . . 4 Data Loss (major) 1 | . . . . 1 Misfires 2 | . . . . 2 Weapon Failures 2 | . . . . 2 Overload Shots . | . . . . . Overflow Damage 207 | . 36 40 . 131 Projectiles 107 | . . 11 . 96 Explosions 100 | . 36 29 . 35 Melee . | . . . . . Knockbacks 10 | . . . . 10 Impact . | . . . . . Kinetic 10 | . . . . 10 Secondary . | . . . . . Self-Inflicted Damage 275 | . 141 61 20 53 Shots 13 | . 6 4 1 2 Rammed . | . . . . . Targets Rammed . | . . . . . Kicked . | . . . . . Crushed . | . . . . . Highest Temperature 403 | 294 374 282 232 403 Average Temperature 108 | 132 102 69 65 145 Received Heat Transfer 582 | 30 159 222 . 171 Effects 22 | . 4 1 . 17 Shutdowns 1 | . . . . 1 Energy Bleed 5 | . 1 . . 4 Interference 15 | . 3 1 . 11 Matter Decay 1 | . . . . 1 Siege Activations . | . . . . . Martial Activations . | . . . . . Shielding Activations . | . . . . . Robots Disrupted . | . . . . . Combat Hostiles . | . . . . . Robots Corrupted . | . . . . . Combat Hostiles . | . . . . . Parts Fried . | . . . . . Impact Corruptions . | . . . . . Robots Melted 5 | . 1 2 . 2 Combat Hostiles 2 | . . 1 . 1 Parts Melted 30 | 3 3 10 . 14 Heat Transferred 11838 | 481 1826 3145 311 6075 Parts Sabotaged . | . . . . . Parts Stolen . | . . . . . Parts Stripped . | . . . . . Power Chain Reactions . | . . . . . Alert | -11 -10 -9 -9 -7 ------- Run | Yrd Mat Mat Min Zio Maximum Alert Level 4 | . 2 4 2 . Low Security (%) 31 | 100 42 1 . . Level 1 18 | . 22 16 7 . Level 2 31 | . 35 20 92 . Level 3 14 | . . 47 . . Level 4 4 | . . 13 . . Level 5 . | . . . . . High Security . | . . . . . Max Security . | . . . . . Peak Influence 1440 | 35 597 1440 608 . Initial 336 | . . 201 336 . Average 427 | 5 284 781 520 . Influence Increases 3697 | 45 1263 2027 362 . Destroy 0b10 Robot/C 1100 | 20 260 680 140 . Destroy 0b10 Robot/NC 165 | 25 75 65 . . Destroy Leader 272 | . 60 192 20 . Successful Hack 16 | . 7 9 . . Disable Machine 1395 | . 525 705 165 . Destroy Structure 749 | . 336 376 37 . Influence Decreases 3697 | 45 786 1640 638 588 Entered New Map 1392 | . . 276 528 588 Time Decay 1255 | 45 636 464 110 . Purge Threat 1050 | . 150 900 . . Squads Dispatched 6 | . 2 4 . . Investigation 4 | . 2 2 . . Extermination . | . . . . . Reinforcement 2 | . . 2 . . Assault . | . . . . . Garrison . | . . . . . Intercept . | . . . . . Searches Triggered . | . . . . . Construction Impeded 1 | . . 1 . . Haulers Reinforced . | . . . . . Active Scanning Responses . | . . . . . Cargo Convoy Interrupts . | . . . . . Stealth | -11 -10 -9 -9 -7 --------- Run | Yrd Mat Mat Min Zio Distress Signals 3 | . 1 2 . . Communications Jammed . | . . . . . Distress Signals . | . . . . . Times Spotted 124 | 1 17 36 8 62 Peak Tracking Total 5 | 1 4 4 3 5 Tactical Retreats 2 | . . . . 2 Traps | -11 -10 -9 -9 -7 ------- Run | Yrd Mat Mat Min Zio Traps Triggered 6 | . 2 3 1 . Indirectly . | . . . . . Trap Hack Attempts . | . . . . . Triggered . | . . . . . Disarmed 6 | . . 6 . . Reprogrammed . | . . . . . Reused . | . . . . . Traps Extracted . | . . . . . Installed . | . . . . . Triggered . | . . . . . Machines | -11 -10 -9 -9 -7 ---------- Run | Yrd Mat Mat Min Zio Machines Disabled 98 | . 35 47 11 5 Max in Single Turn 2 | . 2 2 2 1 Machines Repaired . | . . . . . Machines Dismantled . | . . . . . Machines Sabotaged . | . . . . . Overloaded Fab Kills . | . . . . . Hacking | -11 -10 -9 -9 -7 --------- Run | Yrd Mat Mat Min Zio Machines Accessed 17 | . 8 8 1 . Terminals 15 | . 7 8 . . Fabricators . | . . . . . Repair Stations . | . . . . . Recycling Units 1 | . 1 . . . Scanalyzers . | . . . . . Garrison Access . | . . . . . Total Hacks 60 | . 21 38 1 . Successful 38 | . 10 27 1 . Failed 22 | . 11 11 . . Catastrophic 2 | . . 2 . . Database Lockouts . | . . . . . Manual 2 | . . 2 . . Terminals 55 | . 17 38 . . Fabricators . | . . . . . Repair Stations . | . . . . . Recycling Units 4 | . 4 . . . Scanalyzers . | . . . . . Garrison Access . | . . . . . Terminal Hacks 37 | . 9 27 1 . Record 10 | . 4 6 . . Robot Analysis 1 | . . 1 . . Prototype ID Bank 2 | . 1 1 . . Open Door 1 | . . . 1 . Branch Access Points 2 | . . 2 . . Emergency Access Points 1 | . . 1 . . Terminal Index 1 | . . 1 . . Alert Level 1 | . . 1 . . Unreport Threat 7 | . 1 6 . . Locate Traps 2 | . . 2 . . Disarm Traps 1 | . . 1 . . Dispatch Records 1 | . . 1 . . Maintenance Status 1 | . . 1 . . Reinforcement Status 1 | . 1 . . . Hauler Manifests 1 | . 1 . . . Registered Components 1 | . . 1 . . Registered Prototypes 1 | . . 1 . . Zone Layout 2 | . 1 1 . . Fabricator Hacks . | . . . . . Repair Station Hacks . | . . . . . Recycling Unit Hacks 1 | . 1 . . . Retrieve Components 1 | . 1 . . . Scanalyzer . | . . . . . Garrison Access Hacks . | . . . . . Unauthorized Hacks . | . . . . . Terminals . | . . . . . Fabricators . | . . . . . Repair Stations . | . . . . . Recycling Units . | . . . . . Scanalyzers . | . . . . . Garrison Access . | . . . . . Data Cores Recovered 1 | . . 1 . . Used 1 | . . 1 . . Hacking Detections 14 | . 7 7 . . Full Trace Events 2 | . . 2 . . Feedback Events . | . . . . . Feedback Blocked . | . . . . . Robot Schematics Acquired . | . . . . . Robots Built . | . . . . . Authchips . | . . . . . Time . | . . . . . Total Robot Build Rating . | . . . . . Part Schematics Acquired . | . . . . . Parts Built . | . . . . . Authchips . | . . . . . Time . | . . . . . Total Part Build Rating . | . . . . . Parts Repaired . | . . . . . Time . | . . . . . Parts Recycled . | . . . . . Recycled Matter . | . . . . . Retrieved Matter . | . . . . . Retrieved Components 9 | . 9 . . . Parts Scanalyzed . | . . . . . Part Schematics Acquired . | . . . . . Parts Damaged . | . . . . . Bothacking | -11 -10 -9 -9 -7 ------------ Run | Yrd Mat Mat Min Zio Used RIF Installer . | . . . . . Robots Hacked . | . . . . . Non-combat . | . . . . . Combat . | . . . . . Robot Hacks Applied . | . . . . . Relay Couplers Released . | . . . . . Fabnet Peak Effective % . | . . . . . Robots Rewired . | . . . . . Allies Hacked . | . . . . . Hacks Repelled . | . . . . . Allies | -11 -10 -9 -9 -7 -------- Run | Yrd Mat Mat Min Zio Total Allies . | . . . . . Largest Group . | . . . . . Highest-Rated Group . | . . . . . Highest-Rated Ally . | . . . . . Total Orders . | . . . . . Ally Attacks . | . . . . . Total Damage . | . . . . . Kills . | . . . . . Allies Corrupted . | . . . . . Allies Melted . | . . . . . Intel | -11 -10 -9 -9 -7 ------- Run | Yrd Mat Mat Min Zio Active Infowar (turns) 4054 | 169 2097 1169 232 387 Sensors 1 | . . . 1 . Terrain 598 | 169 429 . . . Seismic 4047 | 162 2097 1169 232 387 Robot Analysis Total 1 | . . 1 . . Derelict Logs Recovered 2 | . . . 1 1 Drone Launches . | . . . . . Drone Recoveries . | . . . . . Exploration | -11 -10 -9 -9 -7 ------------- Run | Yrd Mat Mat Min Zio Turns Passed 5141 | 270 2258 1169 232 1212 Spaces Moved 4594 | 149 1307 1366 592 1180 Core 21 | 20 1 . . . Treads . | . . . . . Legs . | . . . . . Wheels 244 | 129 115 . . . Hover 1219 | . 1174 45 . . Flight 3110 | . 17 1321 592 1180 Fastest Speed 29 | 50 80 29 29 29 Average Speed 62 | 75 123 32 29 43 Slowest Speed 300 | 80 300 120 109 109 Overloaded Moves . | . . . . . Propulsion Burnouts . | . . . . . Robots Hopped 9 | . . 5 4 . Potential Cave-ins . | . . . . . Cave-ins Triggered . | . . . . . Exploration Rate (%) 70 | 7 95 88 96 64 Regions Visited 4 Branch Regions 2 Pre-discovered Areas . | . . . . . Known Exits Taken 1 | . . 1 . . Unknown Exits Taken 3 | 1 1 . 1 . Scrap Searched 2 | . . . 1 1 Spaces Dug 9 | . 9 . . . Terrain Destroyed 1053 | . 434 447 49 123 Melee . | . . . . . Projectile 8 | . . 1 5 2 AOE 1045 | . 434 446 44 121 Terrain Rammed . | . . . . . Walls Destroyed . | . . . . . Machines Disabled . | . . . . . Actions | -11 -10 -9 -9 -7 --------- Run | Yrd Mat Mat Min Zio Total 6000 | 279 1687 1817 624 1593 Wait 862 | 113 223 273 10 243 Move 4572 | 148 1306 1355 583 1180 Hop 9 | . . 5 4 . Pick Up . | . . . . . Fast Attach 35 | 7 11 9 2 6 Attach . | . . . . . Detach . | . . . . . Swap 7 | . . 3 4 . Drop 29 | . 9 9 6 5 Fire 416 | 11 113 130 11 151 Melee . | . . . . . Ram . | . . . . . Kick . | . . . . . Crush . | . . . . . Escape Stasis . | . . . . . Rewire . | . . . . . Trap . | . . . . . Miscellaneous 70 | . 25 33 4 8 Route ------- -11/Scrapyard -10/Materials (discovered 6 exits: *Mat x3 / [*Min x2] / [*Sub]) -9/Materials (discovered 6 exits: [*Mat x3] / *Min / *Sto x2) -9/Mines (discovered 3 exits: [*Mat x2] / [*Zio]) -7/Zion (discovered 1 exit: [*Pro]) History --------- Turn | Location | Event 2 | -11/Scrapyard | Met Revision 17 20 | -11/Scrapyard | Upgraded with Utility slot (x1) 20 | -11/Scrapyard | Upgraded with Weapon slot (x3) 65 | -11/Scrapyard | Discovered new exit (range 8) 271 | -11/Scrapyard | Entered Materials 299 | -10/Materials | Discovered new exit (range 15) 310 | -10/Materials | Build established: Gunner 573 | -10/Materials | Discovered new exit (range 10) 788 | -10/Materials | Discovered new exit (range 16) 806 | -10/Materials | Reached level 2 809 | -10/Materials | Upgraded with Propulsion slot (x1) 809 | -10/Materials | Upgraded with Utility slot (x1) 1330 | -10/Materials | Discovered new exit (range 15) 1371 | -10/Materials | Discovered new exit (range 5) 1480 | -10/Materials | Reached level 3 2162 | -10/Materials | Discovered new exit (range 12) 2529 | -10/Materials | Entered another Materials area 2531 | -9/Materials | Reached level 4 2588 | -9/Materials | Reached level 5 2602 | -9/Materials | Identified exit to Mines 2602 | -9/Materials | Identified exit to Storage 2799 | -9/Materials | Reached level 6 2832 | -9/Materials | Upgraded with Propulsion slot (x1) 2934 | -9/Materials | Build established: Hacker-Sprinter 2993 | -9/Materials | Discovered new exit (range 14) 3003 | -9/Materials | Reached level 7 3241 | -9/Materials | Discovered new exit (range 11) 3297 | -9/Materials | Reached level 8 3443 | -9/Materials | Upgraded with Utility slot (x1) 3470 | -9/Materials | Reached level 9 3494 | -9/Materials | Destroyed 7 combat bots 3553 | -9/Materials | Discovered new exit (range 7) 3698 | -9/Materials | Entered Mines 3701 | -9/Mines | Met a Derelict who couldn't figure out how to use a Trap Extractor 3714 | -9/Mines | Discovered new exit (range 14) 3717 | -9/Mines | Met a Derelict bent on vengeance 3825 | -9/Mines | Joined a pair of Derelicts in attacking an 0b10 outpost 3826 | -9/Mines | Reached level 10 3842 | -9/Mines | Found a damaged Exp. Sensor Array with a note attached 3844 | -9/Mines | Found Prototype Device 3844 | -9/Mines | Identified Exp. Sensor Array 3881 | -9/Mines | Learned Materials interactive machine intel 3901 | -9/Mines | Met a Derelict testing a Signal Generator 3922 | -9/Mines | Discovered new exit (range 6) 3925 | -9/Mines | A Derelict revealed a hidden shortcut to a safe place 3930 | -9/Mines | Entered Zion 3977 | -7/Zion | Attacked by Zionites 4041 | -7/Zion | Discovered new exit (range 16) 4092 | -7/Zion | Spotted PE-4Z1(B) 4104 | -7/Zion | Spotted K8-TAW(B) 4215 | -7/Zion | Destroyed K8-TAW(B) 4242 | -7/Zion | Destroyed PE-4Z1(B) 4448 | -7/Zion | Core integrity fell below 50% 4795 | -7/Zion | Learned 8 Factory zone layouts 4874 | -7/Zion | Build established: Hacker-Bomber 4953 | -7/Zion | Core integrity fell below 20% 5142 | -7/Zion | Destroyed by RY-TL5(z) with Makeshift Shrapnel Gun Last Messages --------------- 05111_ The unstable cave ceiling collapses. 05112_ V6-7KY(z) pulls a Mak. Spear out of the Twisted Machinery. 05112_ 2D-951(z) pulls a Mak. Hammer out of the Twisted Machinery. 05113_ V6-7KY(z) destroyed. 05116_ Overheating: System interference. 05116_ Adv. Weight Redist. System temporarily disabled. 05116_ Adv. Assault Cannon temporarily disabled. 05120_ Acquired 1 matter. 05121_ XU=ESC NGM=&O ZZ&6QQZ51&H|XB6,FGR/ RY-TL5(z) bursts out of the Twisted Machinery. 05123_ RY-TL5(z) pulls a Mak. Shrapnel Gun out of the Twisted Machinery. JR-LLS(z) bursts out of the Twisted Machinery. 05131_ JR-LLS(z) pulls a Mak. Hammer out of the Twisted Machinery. 05137_ Knocked back. 05137_ Destroyed Mak. Leg. 05137_ 2D-951(z) destroyed. 05138_ System corrupted: Substantial component data lost. 05140_ Knocked back. 05140_ JR-LLS(z) destroyed. Map ----- +----------------------------------------------------+ | ??????????????????????????????????????????????? | | ??????????????????????????????????????????????? | | ??????????????????????????????????????????????? | | ??????????????????????????????????????????????? | | ??????????????????????????????????????????????? | | ??????????????????????????????????????????????? | | ??????????????????????????????????????????????? | | ??????????????????????????????????????????????? | | ??????????????????????????????????????????????? | | ??????????????????????????????????????????????? | | ??????????????????????????????????????????????? | | ??????????????????????????????????????????????? | | ??????????????????????????????????????????????? | | ??????????????????????????????????????????????? | | ??????????????????????????????????????????????? | | ??????????????????????????????????????????????? | | ??????????????????????????????????????????????? | | ??????????????????????????????????????????????? | | ??????????????????????????????????????????????? | | ??????????????????????????????????????????????? | | ????????????????????????????????????#"?"??? " | | ???????????????????????????###?????""#"""? ? | | ??????????????????????????##"####"""""""" ?? | | ????????????????????#######"""""#"" ?? | | ????????????????????#[h## % """"""" ???? | | ???????????????????## @/%= """" ???? | | ???????????????????# *% "" """ " ??? | | ???????????????????#= *! = z" " ???? | | ???????????????????# ###% """ ??? | | ???????????????????#####?## """ ??? | | ??????????????????????????## """"#" ??? | | ??????????????????##??????## %"#"""" ??? | | ?????????????????##"#######" % " """"""""? | | ????????????????##"#"""""##"" # """"" | | ?????############""""""""""#"" # """" | | ?????""""""""" #""" """" """" | | ????"""""""""" #"" * """"" | | ????"" #"" %% [ "" " | | ????"""""" ##"" = "" %=! [ " " | | ???#""""""" """"""" # [ * "" | | ???#"""" ""#### ## "" | | ???#""""""" "##??## = " | | ????"""""" ###" ""#??## " | | ???#"" #""" ""##??## " " | | ???#"""""""""" ### """#???##""* """" | | ????"""""""""" #""" """#???## % """"" | | ?????###########"" * ""##???#" % """" | | ???????????#####""#% """#???##"%= "% | | ??????????##"""#### #"##???## / ! %* | | ??????????#" #"#???##"" * | +----------------------------------------------------+ Best States ------------- Heat Dissipation 53 Energy Generation 16 Energy Capacity 290 Matter Stores 300 Matter Capacity 300 Sight Range 16 Terrain Scan Range 16 Terrain Scan Density 10 Additional Mass Support 9 Armor Coverage 375 Resistance: KI 5 Resistance: TH 15 Evasion (%) 64 Offensive Hacking 25 Defensive Hacking 10 Item Schematics ----------------- None Robot Schematics ------------------ None Fabricated ------------ Nothing Repaired ---------- Nothing Alien Tech Used ----------------- None Achievements -------------- Backstab Dynamic Key Maybe Next Time I'll Detach My Launcher Monster Challenges ------------ None RPGLIKE | -11 -10 -9 -9 -7 --------- Run | Yrd Mat Mat Min Zio Levels Raised 9 | . 2 6 1 . XP Earned 17069 | 3100 4183 8279 1007 500 XP Spent 16490 | 2900 2950 9060 1580 . Upgrades 38 | 4 7 18 9 . Propulsion Slot 2 | . 1 1 . . Utility Slot 3 | 1 1 1 . . Weapon Slot 3 | 3 . . . . Core Integrity 8 | . . . 8 . Heat Dissipation 3 | . 1 2 . . Mass Support 3 | . 1 1 1 . Ranged Accuracy 5 | . 3 2 . . Hack Attack % 5 | . . 5 . . Hack Defense % 2 | . . 2 . . KI Resistance % 1 | . . 1 . . TH Resistance % 3 | . . 3 . . Protomatter Created 669 | . 195 297 91 86 Integrity Restored 1329 | . 484 636 56 153 Core 987 | . 428 390 30 139 Parts 342 | . 56 246 26 14 Protomatter Decayed 135 | . 28 49 24 34 Game ------ Seed SignalGuidedShield Manual? 0 Play Time 01:03:18 Cumulative 2.6 hours Start 2025.05.21 @ 11:25:43 End 2025.05.22 @ 10:47:53 Sessions 3 Manual Loads 0 Difficulty Rogue Special Mode Winter2019/RPGLIKE Game No. 2 Rogue 2 Adventurer 0 Explorer 0 Win Type - Total 0 Types 0/0/0/0/0/0/0/0/0/0 Lore% 6 Gallery% 4 Achievement% 8 Wizard Run 0 Options --------- Layout 0 ASCII 0 Keyboard 0 Movement Mouse Keybinds 0 Fullscreen 1 Font 14/SmallcapsGlow Map View 36x27 Zoom Use 97% Tactical HUD 1 Map Filters NONE Filters NONE Steam 0 RUN: 8d169679-6de7-491e-931b-b3ab1764f0ba